 Dungeon Crawl Stone Soup version 0.27-a0-906-g0a00ce8 (webtiles) character file.

Game seed: 7471786809142128320

0 Nithhogg the Skirmisher (level 1, 0/18 HPs)
             Began as a Demonspawn Fighter on Apr 7, 2021.
             Succumbed to a kobold's poison
             ... on level 1 of the Dungeon.
             The game lasted 00:00:12 (89 turns).

Nithhogg the Skirmisher (Demonspawn Fighter)          Turns: 89, Time: 00:00:12

Health: 0/18       AC:  6    Str: 16    XL:     1   Next: 8%
Magic:  1/1        EV:  6    Int:  9    God:
Gold:   7          SH:  8    Dex: 12    Spells: 0/0 levels left

rFire    . . .     SeeInvis .   a - +0 long sword
rCold    . . .     Faith    .   c - +0 kite shield
rNeg     . . .     Spirit   .   b - +0 scale mail
rPois    .         Reflect  .   (no helmet)
rElec    .         Harm     .   (no cloak)
rCorr    .         Rampage  .   (no gloves)
Will     .....                  (no boots)
Stlth    ..........             (no amulet)
HPRegen  0.06/turn              (no ring)
MPRegen  0.07/turn              (no ring)

@: lethally poisoned (0 -> -18), hasted, very quick
A: no striking features
a: no special abilities


You were on level 1 of the Dungeon.
You visited 1 branch of the dungeon, and saw 1 of its levels.

You collected 7 gold pieces.

Inventory:

Hand Weapons
 a - a +0 long sword (weapon)
Armour
 b - a +0 scale mail (worn)
 c - a +0 kite shield (worn)
Potions
 d - a potion of might


   Skills:
 + Level 3.0 Fighting
 + Level 1.7 Long Blades
 + Level 2.6 Armour
 + Level 0.0 Dodging
 + Level 2.7 Shields
 + Level 0.0 Invocations


You couldn't memorise any spells.
You didn't know any spells.
Your spell library was empty.

Dungeon Overview and Level Annotations

Branches:
Dungeon (1/15)

Altars:


Message History

No target in view!
No target in view!
No target in view!
No target in view!
No target in view!
No target in view!
No target in view!
No target in view!
No target in view!
No target in view!
A kobold comes into view. It is wielding a +0 dagger of venom.
The kobold shouts!
A kobold is nearby!
Found a scroll labelled TYJUFO URGHOMO.
The kobold hits you but does no damage.
You are poisoned.
You miss the kobold.
You feel sick. The kobold barely misses you.
The kobold hits you but does no damage.
You are more poisoned.
You barely miss the kobold.
You feel very sick. The kobold hits you but does no damage.
You barely miss the kobold.
You feel very sick. You block the kobold's attack. x2
You are too injured to fight recklessly!
You are too injured to fight recklessly!
You are too injured to fight recklessly!
You are too injured to fight recklessly!
You are too injured to fight recklessly!
You are too injured to fight recklessly!
You are too injured to fight recklessly!
You barely miss the kobold.
You feel very sick.
The kobold hits you with a +0 dagger of venom.
* * * LOW HITPOINT WARNING * * *
You are lethally poisoned!
There is a lethal amount of poison in your body!
It was a potion of haste.
You feel yourself speed up.
You die...

#. #. # #.. .#
#..####.# ... #
#..#....# ... #
#..K..?.# ... #
#..@...# #.# # ###.####
#.# # #.# #.# ##### #.#
##.###.... ######.##
#........# #.......####
##.....#.#
#.####..##.####..#.....
...........†##.......##
.#######.#...........##


You could see a kobold.

Vanquished Creatures
  A bat (D:1)
1 creature vanquished.

Notes
Turn   | Place    | Note
-------+----------+-------------------------------------------
     0 | D:1      | Nithhogg the Demonspawn Fighter began the quest for the
                  | Orb.
     0 | D:1      | Reached XP level 1. HP: 18/18 MP: 1/1
    89 | D:1      | Succumbed to a kobold's poison

Illustrated notes

Levels and vault maps discovered:
D:1:      lemuel_arrival_hallway, layout_loops_cross, basic_ecumenical_altar,
          minmay_domino_2

Action                   || total
-------------------------++-------
Melee: Long sword        ||    14
  Use: Potion            ||     1
Armor: Scale mail        ||    14
Dodge: Dodged            ||     6
Block: Kite shield       ||     8
       Rpst.: Long sword ||     3

Table legend: (Time is in decaauts)
 A = Elapsed time spent in this place.
 B = Non-inter-level travel time spent in this place.
 C = Inter-level travel time spent in this place.
 D = Time resting spent in this place.
 E = Time spent auto-exploring this place.
 F = Levels seen in this place.
 G = Mean time per level.
                   A        B        C        D        E       F      G
               +--------+--------+--------+--------+--------+-----+--------+
         Total |     96 |     96 |      0 |      0 |     64 |   1 |   96.0 |
       Dungeon |     96 |     96 |      0 |      0 |     64 |   1 |   96.0 |
               +--------+--------+--------+--------+--------+-----+--------+

Top non-repeatable levels by time:
     D:1: 96 daAuts
